AoeStats
← Form 1040

Black Forest

510289246Analyzed
4v4 RM · 3d ago on Sep 30, 2026· 46m 12s· 8 players
Game mode
Random Map
Map size
Large (8 player)
Population
200
Speed
Normal
Resources
Standard
Victory
Conquest
Starting age
Dark Age
Ending age
Imperial Age
RankedLock teamsTeams togetherTeam positionsShared explorationLock speedFull tech treeHidden civsTurbo modeCheats
Victory
Defeat
🇯🇵 Celts · Japan
1000
+40
🇨🇳 Saxons · China
967
+15
🇷🇺 Franks · Russia
965
+38
🇷🇺 Cumans · Russia
962
+38
🇳🇿 Celts · New Zealand
1077
-20
🇳🇱 Tatars · Netherlands
963
-15
🇷🇺 Jurchens · Russia
868
-12
🇹🇷 Britons · Türkiye
861
-11
天地银行行长
1:01 Loom
15:23 Feudal Age
16:29 Horse Collar
16:37 Double-Bit Axe
22:21 Castle Age
23:40 Bow Saw
23:34 Stone Mining
25:07 Fortified Wall
32:13 Gold Mining
35:07 Gold Shaft Mining
38:12 Imperial Age
37:01 Treadmill Crane
36:49 Pikeman
37:50 Caravan
41:29 Fletching
41:40 Padded Archer Armor
41:06 Elite Skirmisher
45:31 Two-Man Saw
44:36 Heavy Plow
44:46 Halberdier
45:27 Squires
Spumae
11:21 Feudal Age
18:23 Double-Bit Axe
21:47 Bloodlines
26:48 Scale Barding Armor
26:54 Forging
31:36 Wheelbarrow
30:44 Horse Collar
34:02 Castle Age
33:03 Town Watch
33:09 Loom
34:55 Light Cavalry
35:47 Town Patrol
36:37 Hand Cart
36:31 Caravan
37:19 Bow Saw
37:13 Heavy Plow
43:42 Iron Casting
43:38 Chain Barding Armor
43:37 Steppe Husbandry
Fat & Furious
11:44 Feudal Age
16:48 Castle Age
15:54 Double-Bit Axe
20:24 Bow Saw
21:52 Wheelbarrow
21:30 Gold Mining
24:40 Stone Mining
25:44 Husbandry
25:04 Light Cavalry
27:08 Fervor
27:46 Hand Cart
29:50 Scale Barding Armor
29:56 Forging
34:11 Imperial Age
32:47 Gold Shaft Mining
32:59 Caravan
33:39 Treadmill Crane
34:27 Cavalier
36:33 Chain Barding Armor
36:48 Iron Casting
36:04 Paladin
45:20 Conscription
Form 1040
10:56 Feudal Age
11:43 Double-Bit Axe
14:59 Castle Age
13:00 Horse Collar
16:08 Bow Saw
16:03 Heavy Plow
16:39 Wheelbarrow
23:16 Hand Cart
24:10 Gold Mining
25:59 Gold Shaft Mining
26:45 Caravan
26:56 Stone Mining
27:47 Loom
30:47 Imperial Age
28:39 Ballistics
29:20 Scale Mail Armor
29:31 Forging
30:15 Pikeman
31:16 Chain Mail Armor
32:06 Iron Casting
31:22 Onager
32:28 Conscription
31:36 Halberdier
33:33 Plate Mail Armor
32:45 Capped Ram
34:36 Chemistry
33:35 Siege Ram
35:55 Siege Engineers
36:25 Furor Celtica
36:27 Man-at-Arms
36:52 Gambesons
38:09 Blast Furnace
37:22 Siege Onager
37:36 Long Swordsman
39:46 Two-Handed Swordsman
41:12 Champion
42:43 Arson
El_Diablo
13:46 Feudal Age
15:21 Horse Collar
19:37 Castle Age
25:03 Loom
32:29 Heavy Plow
shamannking1993
1:09 Loom
16:02 Feudal Age
17:35 Horse Collar
18:46 Wheelbarrow
20:14 Castle Age
18:14 Double-Bit Axe
21:51 Wheelbarrow
24:40 Hand Cart
29:19 Caravan
29:41 Treadmill Crane
42:11 Imperial Age
ryioze
14:59 Feudal Age
16:35 Stone Mining
19:06 Castle Age
17:24 Stone Mining
17:48 Horse Collar
17:56 Double-Bit Axe
18:33 Gold Mining
25:38 Bow Saw
28:38 Coinage
29:09 Fletching
30:15 Treadmill Crane
34:41 Imperial Age
32:45 Yeomen
32:36 Heavy Plow
33:36 Bodkin Arrow
33:42 Padded Archer Armor
34:04 Ballistics
34:45 Elite Longbowman
35:55 Leather Archer Armor
35:41 Bracer
37:53 Two-Man Saw
38:49 Ring Archer Armor
39:20 Chemistry
EmmaZNZ
11:13 Feudal Age
11:51 Loom
15:53 Castle Age
13:41 Double-Bit Axe
14:31 Horse Collar
16:46 Bow Saw
21:48 Stone Mining
21:51 Gold Mining
23:57 Pikeman
26:47 Wheelbarrow
26:27 Town Watch
28:05 Forging
30:23 Iron Casting
32:44 Imperial Age
30:46 Scale Mail Armor
30:53 Heavy Plow
31:32 Gold Shaft Mining
32:35 Chain Mail Armor
33:01 Fletching
34:02 Halberdier
35:27 Conscription
35:35 Heavy Scorpion
36:25 Siege Engineers
37:04 Plate Mail Armor
36:39 Bodkin Arrow
37:35 Furor Celtica
38:39 Ballistics
39:51 Hand Cart
40:39 Blast Furnace
39:26 Gambesons
41:25 Chemistry
40:57 Masonry
Connection lost

Rejoining the realm…

Still unreachable

The connection could not be restored.

Session expired

The server has moved on; the page needs a fresh start.